 Dungeon Crawl Stone Soup version 0.24-a0-290-gbb66a67 (webtiles) character file.

Game seed: 1797707915342164114

72 mopl the Insei (level 4, -3/35 HPs)
             Began as a Mummy Monk on May 8, 2019.
             Slain by a gnoll
             ... wielding a +0 spear
              (6 damage)
             ... on level 1 of the Dungeon.
             The game lasted 00:03:48 (3028 turns).

mopl the Insei (Mummy Monk)                         Turns: 3028, Time: 00:03:49

Health: -3/35      AC:  0    Str: 14    XL:     4   Next: 6%
Magic:  4/4        EV: 13    Int:  9    God:
Gold:   131        SH:  0    Dex: 15    Spells: 3/3 levels left

rFire    x . .     SeeInvis .     - Unarmed
rCold    + . .     Gourm    .   (no shield)
rNeg     + + +     Faith    .   (no armour)
rPois    ∞         Spirit   .   (no helmet)
rElec    .         Reflect  .   (no cloak)
rCorr    .         Harm     .   (no gloves)
MR       .....                  (no boots)
Stlth    +.........             (no amulet)
HPRegen  0.11/turn              e - ring of attention (curse)
MPRegen  0.09/turn              (no ring)

@: no status effects
A: no food or potions, fire vulnerability, cold resistance 1, negative energy
resistance 3, torment resistance, unbreathing
a: no special abilities


You were on level 1 of the Dungeon.
You were not hungry.

You visited 1 branch of the dungeon, and saw 2 of its levels.

You collected 131 gold pieces.

Inventory:

Jewellery
 b - an uncursed ring of ice
 e - a cursed ring of attention (left hand)
Scrolls
 a - a scroll of identify {unknown}
 c - 2 scrolls of remove curse {unknown}
 d - a scroll of enchant armour {unknown}
 f - a scroll of fog {unknown}
 g - a scroll of fear {unknown}


   Skills:
 - Level 3.0 Fighting
 - Level 2.4 Dodging
 - Level 1.5 Stealth
 + Level 4.1 Unarmed Combat


You had 3 spell levels left.
You didn't know any spells.
Your spell library was empty.

Dungeon Overview and Level Annotations

Branches:
Dungeon (2/15)

Altars:


Innate Abilities, Weirdness & Mutations

You do not eat or drink.
Your flesh is vulnerable to fire.
You are immune to poison.
Your flesh is cold resistant. (rC+)
You are immune to negative energy. (rN+++)
You are immune to unholy pain and torment.
You can survive without breathing.


Message History

You climb upwards.
There is a stone staircase leading down here.
You hit the gnoll.
The gnoll is moderately wounded.
The gnoll hits you with a +0 spear!
You are too injured to fight recklessly!
You are too injured to fight recklessly!
You are too injured to fight recklessly!
You hit the gnoll but do no damage.
The gnoll is moderately wounded.
The gnoll hits you with a +0 spear!
* * * LOW HITPOINT WARNING * * *
You hit the gnoll.
The gnoll is moderately wounded.
The gnoll hits you with a +0 spear.
* * * LOW HITPOINT WARNING * * *
You closely miss the gnoll.
The gnoll is moderately wounded.
The gnoll hits you with a +0 spear.
You die...

#.# #.# #.# #.# #.#
#.# #### ##### #.#
...######...######
#.#
%..'...........g@#
#.#
...######...####.###
#.# #### #...# #...#
#.# ########...#
#.#.# #.#
#..........#
#.#.#####.#
##..........#
#.#.......#
............#
#.#########
##..........# #.#
#.......#..# #.#


You could see a gnoll.

Vanquished Creatures
  A worm (D:2)
  3 dart slugs (D:1)
  3 leopard geckos
  7 bats
  3 giant cockroaches (D:1)
  4 hobgoblins
  4 jackals
  7 kobolds
  4 frilled lizards
  9 goblins
  10 rats
55 creatures vanquished.

Notes
Turn   | Place    | Note
-------+----------+-------------------------------------------
     0 | D:1      | mopl the Mummy Monk began the quest for the Orb.
     0 | D:1      | Reached XP level 1. HP: 18/18 MP: 1/1
   390 | D:1      | Reached XP level 2. HP: 21/24 MP: 2/2
   441 | D:1      | Reached skill level 3 in Unarmed Combat
  1179 | D:1      | Reached XP level 3. HP: 28/29 MP: 3/3
  2089 | D:2      | Reached skill level 4 in Unarmed Combat
  2543 | D:2      | Reached XP level 4. HP: 10/35 MP: 4/4
  3028 | D:1      | Slain by a gnoll

Levels and vault maps discovered:
D:1:      eino_arrival_water_star, layout_basic, minmay_rat_gold_closets
D:2:      layout_loops_ring

Skill      XL: |  1  2  3 |
---------------+----------+-----
Unarmed Combat | 3 4 |  4.1
Fighting       | |  3.0
Dodging        | |  2.4
Stealth        | |  1.5

Action                   |  1- 3 |  4- 6 || total
-------------------------+-------+-------++-------
Melee: Unarmed           |   193 |    23 ||   216
       Punch             |     4 |       ||     4
 Stab: Sleeping          |     4 |       ||     4
Dodge: Dodged            |   159 |    13 ||   172

Table legend:
 A = Non-vault XP
 B = Vault XP
 C = Vault XP percentage of total XP
 D = Non-vault monster count
 E = Vault monster count
 F = Vault count percentage of total count
                 A         B        C        D         E       F
            +---------+---------+-------+---------+---------+-------
      Total |      96 |       7 |   6.8 |      48 |       7 |  12.7
            +---------+---------+-------+---------+---------+-------
        D:1 |      64 |       7 |   9.9 |      31 |       7 |  18.4
        D:2 |      32 |       0 |   0.0 |      17 |       0 |   0.0
            +---------+---------+-------+---------+---------+-------
